 Dungeon Crawl Stone Soup version 0.31.0-9-g3a7656b989 (webtiles) character file.

Game seed: 13340716261808507472

18 EnegeticOcto the Trooper (level 2, -8/26 HPs)
             Began as a Ghoul Berserker on Feb 1, 2024.
             Was a Follower of Trog.
             Killed from afar by Sigmund (12 damage)
             ... with a puff of flame
             ... on level 2 of the Dungeon.
             The game lasted 00:00:52 (847 turns).

EnegeticOcto the Trooper (Ghoul Berserker)           Turns: 847, Time: 00:00:53

Health: -8/26      AC:  8    Str: 19 (20) XL:     2   Next: 70%
Magic:  11/11      EV:  8    Int:  4 (6)  God:    Trog [*.....]
Gold:   33         SH:  0    Dex:  5 (8)  Spells: 1/1 levels left

rFire   . . .        k - +0 war axe
rCold   + . .        (no shield)
rNeg    + + +        l - +0 chain mail of the Arena {Fly MP+9 Stlth+}
rPois   ∞            (no helmet)
rElec   .            (no cloak)
rCorr   .            (no gloves)
SInv    .            (no boots)
Will    .....        (no amulet) Stlth
                     (no ring)
HPRegen 0.00/turn    (no ring)
MPRegen 0.12/turn

%: no passive effects
@: flying, inhibited regen, hasted, very quick
A: claws 1, cold resistance 1, negative energy resistance 3, inhibited
regeneration, torment resistance 2, devour on kill
a: Renounce Religion


You were on level 2 of the Dungeon.
You worshipped Trog.
Trog was aware of your devotion.
You visited 1 branch of the dungeon, and saw 2 of its levels.

You collected 33 gold pieces.

Inventory:

Hand Weapons
 a - a +0 hand axe
 k - a +0 war axe (weapon)
   (You found it on level 1 of the Dungeon)
Missiles
 f - 5 poisoned darts (quivered)
Armour
 b - a +0 animal skin
 i - a +1 leather armour of poison resistance
   (You found it on level 1 of the Dungeon)
 j - a +0 scale mail
   (You found it on level 1 of the Dungeon)
 l - the +0 chain mail of the Arena (worn) {Fly MP+9 Stlth+}
   (You found it on level 2 of the Dungeon)

   MP+9:      It affects your magic capacity (+9).
   Fly:       It grants you flight.
   Stlth+:    It makes you more stealthy.
Scrolls
 c - a scroll of vulnerability {unknown}
 d - a scroll of fog {unknown}
 h - a scroll of enchant weapon {unknown}
 m - a scroll of identify {unknown}


   Skills:
 + Level 3.6 Fighting
 * Level 3.3 Axes
 - Level 1.7 Armour
 - Level 1.7 Dodging


You had one spell level left.
You didn't know any spells.
Your spell library was empty.

Dungeon Overview and Level Annotations

Branches:
Dungeon (2/15) Zot: 11143

Altars:

Annotations:
D:2 Sigmund


Innate Abilities, Weirdness & Mutations

You are immune to poison.
You have sharp fingernails.
Your flesh is cold resistant. (rC+)
You are immune to negative energy. (rN+++)
You do not regenerate when monsters are visible.
You are immune to unholy pain and torment.
You thrive by killing the living.


Message History

The kobold shouts!
You hear an angry hiss.
The jackal bites you.
You closely miss the jackal. You barely miss the rat.
The rat bites you but does no damage. The jackal bites you.
The rat closely misses you.
You closely miss the jackal. You hit the rat.
You kill the rat!
Trog accepts your kill. The jackal barely misses you.
The jackal bites you but does no damage.
There are monsters nearby!
There are monsters nearby!
You completely miss the jackal. You slash the jackal!
You kill the jackal!
Trog accepts your kill. The jackal bites you.
A frilled lizard comes into view.
The jackal misses you.
You hit the jackal.
The jackal is almost dead.
The jackal bites you. The jackal barely misses you.
You hit the jackal.
You kill the jackal!
Trog accepts your kill.
You feel better.
You slash the kobold!
You kill the kobold!
Trog accepts your kill.
You feel better.
Things that are here:
a jackal corpse; a rat corpse You miss the frilled lizard.
The frilled lizard bites you but does no damage.
The frilled lizard bites you.
You hit the frilled lizard.
You kill the frilled lizard!
Trog accepts your kill.
You feel better.
No target in view!
No target in view!
No target in view!
No target in view!
No target in view!
No target in view!
No target in view!
No target in view!
No target in view!
You start resting.
HP restored.
You see here a frilled lizard corpse.
You see here the +0 chain mail of the Arena {Fly MP+9 Stlth+}.
You start removing your armour.
You continue taking off your +0 scale mail. x4
You finish taking off your +0 scale mail.
You start putting on your armour.
You continue putting on the +0 chain mail of the Arena {Fly MP+9 Stlth+}. x5
You finish putting on the +0 chain mail of the Arena {Fly MP+9 Stlth+}.
You fly up into the air.
Magic restored.
Found a stone staircase leading down.
Found a mace.
m - a scroll labelled ATZEFOIMIMM You see here a staff of earth.
Found a dagger.
Found a leather armour.
Found a stone staircase leading up.
Sigmund the Dreaded comes into view.
He is wielding a +0 scythe of protection.
Sigmund shouts!
You start waiting.
Sigmund is nearby!
Sigmund barely misses you.
You barely miss Sigmund.
Sigmund hits you with a +0 scythe of protection!
You hit Sigmund.
Sigmund is lightly wounded.
Sigmund hits you but does no damage.
Okay, then.
It was a potion of haste.
You feel yourself speed up.
You closely miss Sigmund.
Sigmund is lightly wounded.
Sigmund points at you and mumbles some strange words.
The magic dart hits you!
You hit Sigmund but do no damage.
Sigmund is lightly wounded.
Sigmund hits you with a +0 scythe of protection.
* * * LOW HITPOINT WARNING * * *
It was a potion of degeneration.
There was something very wrong with that liquid.
You feel weakened.
You feel dopey.
You feel clumsy.
You closely miss Sigmund.
Sigmund is lightly wounded.
Sigmund laughs darkly.
Sigmund barely misses you.
You barely miss Sigmund.
Sigmund is lightly wounded.
You closely miss Sigmund.
Sigmund is lightly wounded.
Sigmund points at you and mumbles some strange words.
The puff of flame hits you!
You die...
Sigmund begins carving another notch in his scythe.

#......... #######...
#... #... ####...
##......
###########<......
#@........#.......
#@##### #.#.......
#.....# #.#.......
#.###.###.......).
#.#.......[.......
######.#...............
#..........####.#......
#.########## #....#.##
####.#.# .# #


You could see Sigmund.

Vanquished Creatures
  A dart slug (D:1)
  A ball python (D:1)
  An endoplasm (D:1)
  2 goblins (D:1)
  2 hobgoblins
  2 jackals (D:2)
  A quokka (D:1)
  A frilled lizard (D:2)
  2 kobolds (D:2)
  2 rats
15 creatures vanquished.

Notes
Turn   | Place    | Note
-------+----------+-------------------------------------------
     0 | D:1      | EnegeticOcto the Ghoul Berserker began the quest for the
                  | Orb.
     0 | D:1      | Reached XP level 1. HP: 19/19 MP: 1/1
   231 | D:1      | Reached skill level 3 in Axes
   364 | D:1      | Reached XP level 2. HP: 16/26 MP: 2/2
   680 | D:2      | Identified the +0 chain mail of the Arena {Fly MP+9 Stlth+}
   832 | D:2      | Noticed Sigmund
   847 | D:2      | Killed from afar by Sigmund

Illustrated notes

Levels and vault maps discovered:
D:1:      mushboom_english_gardens, layout_rooms
D:2:      layout_basic, hangedman_abyss_or_decor_stabs,
          minmay_randomly_rotated_circles, uniq_sigmund

Skill      XL: |  1 |
---------------+----+-----
Axes           | 3 |  3.3
Fighting       | |  3.6
Armour         | |  1.7
Dodging        | |  1.7

Action                     || total
---------------------------++-------
  Melee: Hand axe          ||    28
         War axe           ||    21
    Use: Potion            ||     2
 Armour: Animal skin       ||    10
         Leather armour    ||     5
         Scale mail        ||    12
         Chain mail        ||     5
  Dodge: Dodged            ||    22

Table legend:
 A = Kills in this place as a percentage of kills in the entire game.
 B = Kills by you in this place as a percentage of kills by you in the entire game.
 C = Kills by friends in this place as a percentage of kills by friends in the entire game.
 D = Other kills in this place as a percentage of other kills in the entire game.
 E = Experience gained in this place as a percentage of experience gained in the entire game.
 F = Experience gained in this place divided by the number of levels of this place that you have seen.
                   A       B       C       D       E      F
               +-------+-------+-------+-------+-------+----------------------
         Total | 100.0 | 100.0 |   N/A |   N/A | 100.0 |  13.5
       Dungeon | 100.0 | 100.0 |   N/A |   N/A | 100.0 |  13.5
               +-------+-------+-------+-------+-------+----------------------

Table legend: (Time is in decaauts)
 A = Elapsed time spent in this place.
 B = Non-inter-level travel time spent in this place.
 C = Inter-level travel time spent in this place.
 D = Time resting spent in this place.
 E = Time spent auto-exploring this place.
 F = Levels seen in this place.
 G = Mean time per level.
                   A        B        C        D        E       F      G
               +--------+--------+--------+--------+--------+-----+--------+
         Total |    855 |    827 |     28 |     78 |    569 |   2 |  427.5 |
       Dungeon |    855 |    827 |     28 |     78 |    569 |   2 |  427.5 |
               +--------+--------+--------+--------+--------+-----+--------+

Top non-repeatable levels by time:
     D:1: 600 daAuts
     D:2: 255 daAuts
